 Dungeon Crawl Stone Soup version 0.29-a0-359-g541a27f54d (webtiles) character file.

Game seed: 4677595371984185752

20 Shayle the Sneak (level 2, 0/17 HPs)
             Began as a Tengu Brigand on Apr 28, 2022.
             Slain by a jackal (3 damage)
             ... on level 1 of the Dungeon.
             The game lasted 00:01:35 (513 turns).

Shayle the Sneak (Tengu Brigand)                     Turns: 513, Time: 00:01:36

Health: 0/17       AC:  3    Str: 11    XL:     2   Next: 79%
Magic:  3/4        EV: 12    Int: 11    God:
Gold:   0          SH:  0    Dex: 15    Spells: 2/2 levels left

rFire   . . .      SeeInvis .   g - staff of conjuration
rCold   . . .      Faith    .   (no shield)
rNeg    . . .      Spirit   .   b - +0 robe
rPois   .          Reflect  .   (helmet restricted)
rElec   .          Harm     .   c - +0 cloak
rCorr   .          Rampage  .   (no gloves)
Will    .....                   (boots unavailable)
Stlth   +++.......              (no amulet)
HPRegen 0.05/turn               (no ring)
MPRegen 0.09/turn               (no ring)

@: no status effects
A: beak, talons 3
a: no special abilities


You were on level 1 of the Dungeon.
You visited 1 branch of the dungeon, and saw 1 of its levels.

Inventory:

Hand Weapons
 a - a +2 dagger
Missiles
 d - 12 poisoned darts (quivered)
 e - 3 curare-tipped darts
Armour
 b - a +0 robe (worn)
 c - a +0 cloak (worn)
Magical Staves
 g - a staff of conjuration (weapon)
Potions
 f - a potion of curing {unknown}


   Skills:
 + Level 2.1 Fighting
 - Level 2.1 Short Blades
 + Level 0.6 Staves
 - Level 2.0 Throwing
 + Level 1.5 Dodging
 + Level 4.2 Stealth
 + Level 0.6 Spellcasting
 + Level 0.2 Conjurations
 + Level 0.4 Evocations


You had 2 spell levels left.
You didn't know any spells.
Your spell library was empty.

Dungeon Overview and Level Annotations

Branches:
Dungeon (1/15)

Altars:

Shops:
D:1 [


Innate Abilities, Weirdness & Mutations

You have a beak for a mouth.
You have claws for feet.


Message History

The jackal is almost dead.
The jackal bites you.
You hit the jackal.
The jackal is moderately wounded.
The jackal barely misses you.
You closely miss the jackal. You peck the jackal.
You punch the jackal, but do no damage.
The jackal is heavily wounded.
The jackal misses you. The jackal closely misses you.
You barely miss the jackal. Your peck misses the jackal.
The jackal is heavily wounded.
The jackal bites you.
You hit the jackal.
You kill the jackal!
The jackal closely misses you.
You closely miss the jackal. You punch the jackal, but do no damage.
The jackal bites you but does no damage.
You hit the jackal.
The jackal is severely wounded.
The jackal closely misses you. x2
You closely miss the jackal. Your kick misses the jackal.
The jackal is severely wounded.
The jackal closely misses you. The jackal misses you.
You barely miss the jackal. Your kick misses the jackal.
Your peck misses the jackal.
The jackal is severely wounded.
The jackal bites you.
You hit the jackal but do no damage. Your kick misses the jackal.
The jackal is severely wounded.
The jackal bites you. The jackal barely misses you.
You hit the jackal.
You kill the jackal!
You hit the jackal but do no damage. Your kick misses the jackal.
The jackal is lightly wounded.
The jackal barely misses you. The jackal bites you.
* * * LOW HITPOINT WARNING * * *
You hit the jackal but do no damage. You peck the jackal.
The jackal is heavily wounded.
The jackal barely misses you. The jackal bites you.
You die...

#.##...# # #.##...# # #.##...# .
# ........# #.##...# .. #
.......####.##...##... #
#......+.............. #
#......####.#.†..#.#....####
#......+ #.#....+..........
#......##.#@.....#.......... ##
#.!.......h###.............. #≈≈
#......##.. #####..# #..... ≈≈≈≈
#.#+#...[.. ...# #.....
≈≈≈≈≈#.#†# ..... #####.##.#.....
≈≈≈≈...#.#....... #........#.....
h≈≈≈≈..#.###......#.###.####.....
.≈.h...#.# .......#.# #.........†
.......#.# ......#∩# #..........


You could see a jackal.

Vanquished Creatures
  A dart slug (D:1)
  3 ball pythons (D:1)
  2 endoplasms (D:1)
  A hobgoblin (D:1)
  4 jackals (D:1)
  2 bats (D:1)
  4 rats (D:1)
17 creatures vanquished.

Notes
Turn   | Place    | Note
-------+----------+-------------------------------------------
     0 | D:1      | Shayle the Tengu Brigand began the quest for the Orb.
     0 | D:1      | Reached XP level 1. HP: 12/12 MP: 2/2
   116 | D:1      | Reached XP level 2. HP: 13/17 MP: 3/3
   312 | D:1      | Found Utazuikh's Armour Boutique.
   513 | D:1      | Slain by a jackal

Illustrated notes

Levels and vault maps discovered:
D:1:      dpeg_arrival_court, layout_basic, serial_shops, shop,
          chequers_serial_rivers_large_a

Action                   || total
-------------------------++-------
Melee: Dagger            ||     6
       Staff             ||    41
       Kick              ||    10
       Peck              ||     4
       Punch             ||     3
 Stab: Sleeping          ||     2
Armor: Robe              ||    24
Dodge: Dodged            ||    50

Table legend: (Time is in decaauts)
 A = Elapsed time spent in this place.
 B = Non-inter-level travel time spent in this place.
 C = Inter-level travel time spent in this place.
 D = Time resting spent in this place.
 E = Time spent auto-exploring this place.
 F = Levels seen in this place.
 G = Mean time per level.
                   A        B        C        D        E       F      G
               +--------+--------+--------+--------+--------+-----+--------+
         Total |    519 |    519 |      0 |    152 |    175 |   1 |  519.0 |
       Dungeon |    519 |    519 |      0 |    152 |    175 |   1 |  519.0 |
               +--------+--------+--------+--------+--------+-----+--------+

Top non-repeatable levels by time:
     D:1: 519 daAuts
